 Dungeon Crawl Stone Soup version 0.18.1-50-g88ac8fd (webtiles) character file.

53 magog001 the Magician (level 3, -1/31 HPs)
             Began as a Naga Wizard on Mar 26, 2017.
             Slain by a goblin (3 damage)
             ... led by Robin
             ... on level 2 of the Dungeon.
             The game lasted 00:10:17 (1477 turns).

magog001 the Magician (Naga Wizard)                 Turns: 1477, Time: 00:10:18

Health: -1/31      AC:  2    Str: 10    XL:     3   Next: 87%
Magic:  6/8        EV: 10    Int: 18    God:
Gold:   30         SH:  0    Dex:  9    Spells: 1 memorised, 8 levels left

rFire  . . .     SeeInvis +     f - +2 spear (venom)
rCold  . . .     Gourm    .     n - +0 robe
rNeg   . . .     Faith    .     (no shield)
rPois  +         Spirit   .     b - +0 hat
rElec  .         Dismiss  .     (no cloak)
rCorr  .         Reflect  .     (no gloves)
SustAt .         Harm     .     (no barding)
MR     .....                    (no amulet)
Stlth  ++........               (no ring)
                                (no ring)

@: very slow, not resistant to hostile enchantments, unstealthy
A: see invisible, deformed body, poison resistance, slowness 2, slow metabolism
1, spit poison 2, AC +1
a: Spit Poison


You were on level 2 of the Dungeon.
You were very hungry.

You visited 1 branch of the dungeon, and saw 2 of its levels.

You collected 30 gold pieces.

Inventory:

Hand Weapons
 e - a +2 dagger of draining
 f - a +2 spear of venom (weapon)
Armour
 b - a +0 hat (worn)
 l - a +3 scale mail
 n - a +0 robe (worn)
Scrolls
 a - a scroll of fear {unknown}
 i - 2 scrolls of random uselessness {unknown}
 k - 2 scrolls of identify {unknown}
 m - a scroll of magic mapping {unknown}
Potions
 g - a potion of cure mutation {unknown}
 h - a potion of lignification {unknown}
 j - a potion of heal wounds {unknown}
Books
 c - a book of Minor Magic

   Spells                             Type                      Level
   a - Magic Dart                     Conjuration                  1
   b - Blink                          Translocation                2
   c - Call Imp                       Summoning                    2
   d - Repel Missiles                 Charms/Air                   2
   e - Slow                           Hexes                        2
   f - Conjure Flame                  Conjuration/Fire             3
   g - Mephitic Cloud                 Conjuration/Poison/Air       3
Comestibles
 d - a bread ration


   Skills:
 * Level 1.0 Fighting
 + Level 0.2 Armour
 + Level 2.0 Dodging
 + Level 3.3 Stealth
 * Level 3.7 Spellcasting
 + Level 1.1 Conjurations
   Level 1.0 Summonings
   Level 1.0 Translocations


You had 8 spell levels left.
You knew the following spells:

 Your Spells              Type           Power        Failure   Level  Hunger
a - Magic Dart            Conj           #...         12%         1    None


Dungeon Overview and Level Annotations

Branches:
Dungeon (2/15)

Altars:

Annotations:
D:2 Robin


Innate Abilities, Weirdness & Mutations

You cannot wear boots.
Your serpentine skin is tough (AC +1).
You have supernaturally acute eyesight.
Armour fits poorly on your strangely shaped body.
Your system is resistant to poisons.
You cover ground very slowly.
You have a slow metabolism.
You can spit poison.


Message History

* * * LOW HITPOINT WARNING * * *
You closely miss the adder.
The adder is heavily wounded.
The adder misses you.
You feel sick. The adder bites you.
* * * LOW HITPOINT WARNING * * *
You kill the adder!
Your Dodging skill increases to level 2!
* * * LOW HITPOINT WARNING * * *
You feel sick. The goblin barely misses you.
* * * LOW HITPOINT WARNING * * *
You feel sick.
You are no longer poisoned.
The goblin hits you but does no damage. The goblin misses you.
The goblin hits you.
* * * LOW HITPOINT WARNING * * *
The goblin hits you.
You die...

#.....#.#
#...##........#
#.###.#.#
#.#.....######
#.###.#.######.#.....#
#..............).....#
##############.#.....#
#.#.....# #.#######
#.# #@# #g#
##############g#
#.......gg...#.##
#.##########.g..## #.#
#.....# ###g#####
#.......# ...g....#
###.##### .##.###.#
#.#


You could see a hobgoblin and 2 goblins.

Vanquished Creatures
  2 adders (D:2)
  A giant gecko (D:2)
  2 giant cockroaches (D:1)
  10 goblins
  4 hobgoblins (D:1)
  A quokka (D:2)
  3 bats
  4 giant newts (D:1)
  4 kobolds (D:1)
  2 rats
33 creatures vanquished.

Notes
Turn   | Place    | Note
--------------------------------------------------------------
     0 | D:1      | magog001 the Naga Wizard began the quest for the Orb.
     0 | D:1      | Reached XP level 1. HP: 15/15 MP: 4/4
   184 | D:1      | Reached XP level 2. HP: 24/24 MP: 4/6
   982 | D:2      | Reached XP level 3. HP: 21/30 MP: 8/8
  1449 | D:2      | Reached skill level 1 in Fighting
  1454 | D:2      | Noticed Robin
  1469 | D:2      | HP: 1/31 [poisoned by an adder]
  1475 | D:2      | HP: 1/31 [goblin[Robin] (1)]
  1477 | D:2      | Slain by a goblin

Skill      XL: |  1  2  3 |
---------------+----------+-----
Fighting       | 1 |  1.0
Dodging        | 2 |  2.0
Armour         | |  0.2
Stealth        | |  3.3
Spellcasting   | |  3.7
Conjurations   | |  1.1
Summonings     | |  1.0
Translocations | |  1.0

Action                   || total
-------------------------++-------
Melee: Dagger            ||    40
       Unarmed           ||     3
       Spear             ||    41
 Cast: Magic Dart        ||     9
 Stab: Sleeping          ||     6
Armor: Scale mail        ||    18
       Robe              ||     8
Dodge: Dodged            ||    41
